Map: Ruines d’Endion

Players

OSTRON - Winner!

  • Race: Terran Terran
  • League: Gold
  • Spawn Location: 5:00

zidar

  • Race: Zerg Zerg
  • League: Gold
  • Spawn Location: 7:00

VOD

Have the link to the VOD?

Description

Time

  • Played on: June 12, 2016, 1:07 p.m.
  • Length: 6:56
Show
View Real Time Build Order
Export as new Build Order

OSTRON Terran - Winner!

Build Orders: Banshee Rush 

Get SALT Encoding   

  12  0:02  SCV  
  13  0:14  SCV  
  13  0:20  Supply Depot  
  14  0:26  SCV  
  15  0:30  Refinery  
  15  0:42  SCV  
  16  0:47  Barracks  
  16  0:54  SCV  
  17  1:06  SCV  
  19  1:18  SCV  
  19  1:23  Refinery  
  19  1:30  SCV  
  20  1:34  Supply Depot  
  20  1:35  Marine  
  21  1:50  Factory  
  21  1:52  Orbital Command  
  21  1:57  Marine  
  22  2:18  SCV  
  23  2:25  Marine  
  24  2:31  SCV  
  25  2:40  Starport x2  
  25  2:44  SCV  
  28  2:56  Widow Mine, SCV  
  28  2:57  Supply Depot  
  29  3:06  Marine  
  29  3:08  SCV  
  31  3:27  Starport Tech Lab  
  31  3:34  Starport Tech Lab  
  31  3:38  Factory Tech Lab  
  31  3:40  SCV  
  32  3:45  Supply Depot  
  32  3:46  Banshee  
  32  3:47  Cloaking Field  
  35  3:59  Banshee  
  38  4:06  Command Center  
  38  4:22  Supply Depot  
  38  4:29  Banshee  
  41  4:42  Banshee  
  41  4:45  Siege Tank  
  47  4:54  Engineering Bay  
  47  4:55  Marine  
  48  5:13  Marine  
  49  5:17  Siege Tank  
  52  5:23  Bunker  
  52  5:35  Marine  
  53  5:53  Marine  
  53  6:05  Planetary Fortress  
  53  6:10  Marine  
  54  6:11  Siege Tank  
  57  6:27  Missile Turret  
  57  6:28  Marine, Refinery x2  
  57  6:29  Missile Turret  
  55  6:53  Missile Turret  
Show
View Real Time Build Order
Export as new Build Order

zidar Zerg 

Build Orders: Hatch First 

Get SALT Encoding   

  12  0:01  Drone  
  13  0:12  Overlord  
  13  0:17  Drone  
  14  0:31  Drone x2  
  14  0:34  Drone  
  17  0:56  Hatchery  
  16  0:59  Drone  
  16  1:02  Extractor  
  16  1:04  Drone  
  17  1:22  Spawning Pool  
  16  1:27  Drone  
  16  1:30  Drone  
  18  1:46  Overlord, Drone  
  18  1:50  Drone  
  19  2:08  Queen  
  19  2:09  Queen  
  23  2:24  Metabolic Boost  
  23  2:28  Zergling x4  
  23  2:29  Zergling x2  
  26  2:41  Drone  
  27  2:50  Drone x3  
  32  2:51  Drone x2  
  32  3:11  Zergling x4  
  34  3:21  Baneling Nest  
  33  3:42  Overlord  
  33  3:44  Drone  
  34  3:56  Pneumatized Carapace  
  34  4:02  Lair  
  34  4:09  Extractor  
  33  4:15  Overlord  
  33  4:27  Drone x3  
  36  4:49  Queen  
  38  4:54  Drone x2  
  38  4:55  Drone x4  
  44  5:03  Overlord x8  
  44  5:15  Hatchery  
  44  5:20  Zergling x2  
  44  5:21  Zergling x10  
  44  5:25  Baneling x5  
  49  5:31  Spire  
  47  6:01  Extractor  
  33  6:16  Spore Crawler x2  
  33  6:17  Spore Crawler  
  24  6:20  Spore Crawler  
Tags
 
Add a new tag
Caveats
  • Supply blocks, unpowered buildings, or Contaminate may cause inaccurate times.
  • Supply counts are checked every 10 seconds.